 Dungeon Crawl Stone Soup version 0.24.0-123-gd5b16e6ec5 (webtiles) character file.

Game seed: 3522862414293681097, levelgen mode: deterministic

13211 Bergy the Basher (level 12, -4/75 HPs)
             Began as a Gargoyle Fighter on Dec 24, 2019.
             Was a Priest of Makhleb.
             Slain by a brown ugly thing (7 damage)
             ... on level 12 of the Dungeon.
             The game lasted 00:52:36 (12527 turns).

Bergy the Basher (Gargoyle Fighter)                Turns: 12527, Time: 00:52:37

Health: -4/75      AC: 12    Str: 30    XL:     12   Next: 3%
Magic:  10/10      EV:  7    Int:  9    God:    Makhleb [***...]
Gold:   882        SH: 13    Dex: 12    Spells: 11/11 levels left

rFire    + + .     SeeInvis +   B - +2 mace (holy)
rCold    . . .     Gourm    .   c - +0 shield
rNeg     + + .     Faith    .   r - +1 chain mail {rF+}
rPois    ∞         Spirit   .   (no helmet)
rElec    +         Reflect  .   (no cloak)
rCorr    .         Harm     .   (no gloves)
MR       .....     Rnd*Tele +   (no boots)
Stlth    ..........             w - amulet "Vaoj" {rN+ MR- Regen+ Str+5 Stlth+}
HPRegen  0.62/turn              J - ring of protection from fire
MPRegen  0.12/turn              l - ring of Wishful Thinking {Wiz *Drain Dex+3 SInv}

@: corroded
A: claws 1, blurry vision 1, deformed body, low mp 1, negative energy resistance
1, electricity resistance, teleportitis 1, unbreathing, petrification
resistance, rot immunity, AC +8
a: Minor Destruction, Lesser Servant of Makhleb, Renounce Religion


You were on level 12 of the Dungeon.
You worshipped Makhleb.
Makhleb was most pleased with you.
You were near starving.

You visited 2 branches of the dungeon, and saw 13 of its levels.

You collected 882 gold pieces.

Inventory:

Hand Weapons
 j - a +2 whip of freezing
 s - a +3 flail of protection
 B - a +2 mace of holy wrath (weapon)
Armour
 c - a +0 shield (worn)
 e - a +0 plate armour
 r - a +1 chain mail of fire resistance (worn)
 K - a +1 ring mail of magic resistance
Jewellery
 l - the ring of Wishful Thinking (right claw) {Wiz *Drain Dex+3 SInv}
   (You found it on level 9 of the Dungeon)

   [ring of wizardry]

   It improves your spell success rate.
   It affects your dexterity (+3).
   It lets you see invisible.
   It causes draining when unequipped.
 w - the amulet "Vaoj" (around neck) {rN+ MR- Regen+ Str+5 Stlth+}
   (You found it on level 9 of the Dungeon)

   [amulet of regeneration]

   It affects your strength (+5).
   It protects you from negative energy.
   It affects your resistance to hostile enchantments.
   It increases your rate of regeneration.
   It makes you more stealthy.
 x - an uncursed ring of resist corrosion
 J - a ring of protection from fire (left claw)
Wands
 v - a wand of enslavement (9)
 A - a wand of polymorph (18)
 C - a wand of digging (5)
 E - a wand of scattershot (6)
 H - a wand of flame (14)
 I - a wand of paralysis (18)
Scrolls
 a - a scroll of remove curse
 b - 4 scrolls of fear
 d - 3 scrolls of enchant armour
 g - 2 scrolls of fog {unknown}
 h - a scroll of vulnerability {unknown}
 i - 6 scrolls of teleportation
 n - a scroll of noise {unknown}
 p - 2 scrolls of blinking
 t - a scroll of summoning {unknown}
 y - 3 scrolls of magic mapping
 G - a scroll of identify
Potions
 k - 2 potions of mutation
 m - a potion of invisibility {unknown}
 o - a potion of magic {unknown}
 q - 2 potions of agility
 u - 2 potions of flight {unknown}
 z - a potion of berserk rage {unknown}
 F - 2 potions of cancellation {unknown}
 M - a potion of might
Comestibles
 f - 15 rations
 L - 6 chunks of flesh


   Skills:
 + Level 8.6 Fighting
 - Level 14.0 Maces & Flails
 + Level 7.3 Armour
 + Level 9.6 Shields


You had 11 spell levels left.
You didn't know any spells.
Your spell library contained the following spells:

 Spells                   Type           Power        Failure   Level  Hunger
 Cause Fear               Hex            #.........   100%        4    #####..
 Silence                  Hex/Air        #.........   100%        5    ######.
 Yara's Violent Unravell  Hex/Tmut       #.........   100%        5    ######.
 Deflect Missiles         Chrm/Air       #.........   100%        6    #######
 Discord                  Hex            #.........   100%        8    #######


Dungeon Overview and Level Annotations

Branches:
Dungeon (12/15)            Temple (1/1) D:5            Lair (0/6) D:8
    Orc (0/2) D:10

Altars:
Ashenzari
Cheibriados
Dithmenos
Elyvilon
Fedhas
Gozag
Hepliaklqana
Kikubaaqudgha
Makhleb
Nemelex Xobeh
Okawaru
Qazlal
Ru
Sif Muna
Trog
Uskayaw
Vehumet
Wu Jian
Xom
Yredelemnul
Zin
The Shining One

Shops:
D:10 %


Innate Abilities, Weirdness & Mutations

You are resistant to torment.
Your stone body is resilient. (AC +8)
You are immune to poison.
You resist negative energy. (rN+)
You are resistant to electric shocks. (rElec)
You can survive without breathing.
You are immune to petrification.
You are immune to rotting.
You have sharp fingernails.
Scrolls take you a little longer to read.
Armour fits poorly on your strangely shaped body.
Your magical capacity is low. (-10% MP)
You are occasionally teleported next to monsters.


Message History

* * * LOW HITPOINT WARNING * * *
You closely miss the brown ugly thing.
The brown ugly thing is heavily wounded.
The brown ugly thing claws you.
* * * LOW HITPOINT WARNING * * *
The acid corrodes you!
You are splashed with acid!
* * * LOW HITPOINT WARNING * * *
You feel much better. The brown ugly thing claws you!
* * * LOW HITPOINT WARNING * * *
You are splashed with acid!
* * * LOW HITPOINT WARNING * * *
The cyclops throws a large rock.
The large rock hits you!
* * * LOW HITPOINT WARNING * * *
There is an open door here.
You see here 2 large rocks.
The brown ugly thing barely misses you.
You closely miss the brown ugly thing.
The brown ugly thing is moderately wounded.
The brown ugly thing claws you!
You die...

#..........#.........#
#......C...#.........#
#..........#.........#
#........$.#.........#
+..........#.........# .....
#..........#.........#
......#..(.......##+###....#
.....?###(#######.....#....#
...... #..u@#...#.....#....#
......##....#...#.....#....#
............#...#.....#....#
...........##...#.....'....#
...........##...#...†.#....#
................'.....#....#
................#.....#....#
................#.....#....#
................#.....#....#


You could see a brown ugly thing.

Vanquished Creatures
  A two-headed ogre (D:11)
  Nergalle (D:10)
  The ghost of FishyPogo the Skirmisher, a novice DrTm of Hepliaklqana (D:9)
  Pikel (D:6)
  A deep elf mage (D:8)
  A cyclops (D:11)
  An ugly thing (D:10)
  A manticore (D:9)
  Maurice (D:8)
  2 gargoyles
  A komodo dragon (D:10)
  2 kobold demonologists
  A troll (D:10)
  Grinder (D:4)
  2 hornets
  Prince Ribbit (D:8)
  A vampire (D:10)
  A wyvern (D:10)
  A basilisk (D:10)
  A hungry ghost (D:11)
  2 vampire mosquitoes
  2 neqoxecs (D:9)
  An acid dragon (D:11)
  A water moccasin (D:7)
  A slave (D:6)
  6 orc warriors
  3 ice beasts
  A black bear (D:9)
  4 phantoms
  A necrophage (D:12)
  A hornet zombie (D:9)
  4 ogres
  A crocodile (D:11)
  A centaur (D:8)
  A big kobold (D:10)
  3 bullfrogs
  A wyvern zombie (D:8)
  2 scorpions
  8 killer bees (D:11)
  4 wights (D:10)
  4 howler monkeys
  4 bullfrog zombies
  2 centaur zombies
  2 quasits (D:9)
  3 crimson imps
  4 bullfrog skeletons
  7 hounds
  A jelly (D:5)
  12 orc priests
  14 orc wizards
  3 centaur skeletons
  2 iguanas
  5 worker ants
  Natasha (thrice) (D:2)
  A hound zombie (D:5)
  3 hound skeletons
  8 gnolls
  5 adders
  4 shadow imps
  An ooze (D:5)
  An adder zombie (D:8)
  3 worms
  2 dart slugs (D:2)
  An adder simulacrum (D:9)
  5 leopard geckos
  43 orcs
  3 ball pythons
  A giant cockroach (D:3)
  9 hobgoblins
  16 jackals
  15 kobolds
  6 quokkas
  6 bats
  6 frilled lizards
  8 goblins
  7 rats
291 creatures vanquished.

Vanquished Creatures (others)
  A slave (D:6)
  An orc priest (D:6)
  A gnoll (D:6)
  4 orcs (D:6)
7 creatures vanquished.

Grand Total: 298 creatures vanquished

Notes
Turn   | Place    | Note
-------+----------+-------------------------------------------
     0 | D:1      | Bergy the Gargoyle Fighter began the quest for the Orb.
     0 | D:1      | Reached XP level 1. HP: 14/14 MP: 1/1
   119 | D:1      | Reached XP level 2. HP: 8/19 MP: 2/2
   129 | D:1      | Reached skill level 3 in Maces & Flails
   744 | D:1      | Reached XP level 3. HP: 21/23 MP: 3/3
  1120 | D:2      | Noticed Natasha
  1133 | D:2      | Killed Natasha
  1133 | D:2      | Reached skill level 4 in Maces & Flails
  1133 | D:2      | Reached XP level 4. HP: 12/28 MP: 4/4
  1572 | D:2      | Noticed Natasha
  1585 | D:2      | Killed Natasha
  1585 | D:2      | Reached skill level 5 in Maces & Flails
  1585 | D:2      | Reached XP level 5. HP: 14/32 MP: 5/5
  1685 | D:2      | Noticed Natasha
  1691 | D:2      | Killed Natasha
  2533 | D:3      | Noticed an ogre
  2554 | D:3      | Killed an ogre
  2554 | D:3      | Reached skill level 6 in Maces & Flails
  2554 | D:3      | Reached XP level 6. HP: 37/37 MP: 6/6
  2851 | D:3      | Reached skill level 7 in Maces & Flails
  3322 | D:4      | Reached XP level 7. HP: 40/41 MP: 7/7
  3809 | D:4      | Found a hazy altar of Hepliaklqana.
  4040 | D:4      | Noticed Grinder
  4040 | D:4      | Paralysed by Grinder for 3 turns
  4048 | D:4      | Paralysed by Grinder for 5 turns
  4064 | D:4      | Paralysed by Grinder for 4 turns
  4088 | D:4      | Killed Grinder
  4088 | D:4      | Reached skill level 8 in Maces & Flails
  4301 | D:5      | Entered Level 5 of the Dungeon
  4476 | D:5      | Reached XP level 8. HP: 33/46 MP: 8/8
  4629 | D:5      | Found a staircase to the Ecumenical Temple.
  4638 | Temple   | Entered the Ecumenical Temple
  4768 | Temple   | Became a worshipper of Makhleb the Destroyer
  4951 | D:5      | Reached skill level 9 in Maces & Flails
  5831 | D:6      | Noticed Pikel
  6294 | D:6      | Reached skill level 10 in Maces & Flails
  6373 | D:6      | Reached * piety under Makhleb
  6566 | D:6      | Killed Pikel
  6566 | D:6      | Reached skill level 11 in Maces & Flails
  6566 | D:6      | Reached XP level 9. HP: 49/51 MP: 9/9
  7669 | D:7      | Reached skill level 12 in Maces & Flails
  8040 | D:7      | Found a stormy altar of Qazlal.
  8173 | D:8      | Noticed Maurice
  8321 | D:8      | Killed Maurice
  8321 | D:8      | Reached skill level 13 in Maces & Flails
  8470 | D:8      | Reached XP level 10. HP: 38/56 MP: 10/10
  8554 | D:8      | Found a staircase to the Lair.
  8583 | D:8      | Found a sparkling altar of Nemelex Xobeh.
  8586 | D:8      | Noticed a deep elf mage
  8599 | D:8      | Killed a deep elf mage
  8867 | D:8      | Noticed Prince Ribbit
  8887 | D:8      | Reached ** piety under Makhleb
  9098 | D:8      | Killed Prince Ribbit
  9098 | D:8      | Reached skill level 14 in Maces & Flails
  9176 | D:8      | Got a crude shortbow
  9428 | D:9      | Found a hide-covered altar of Uskayaw.
  9620 | D:9      | Found a blossoming altar of Fedhas.
  9674 | D:9      | Found a sparkling altar of Nemelex Xobeh.
  9675 | D:9      | Found a shimmering blue altar of Sif Muna.
  9816 | D:9      | Noticed a manticore
  9821 | D:9      | Identified the ring of the Oligarchy {rC- rN+ Int+6 Dex+2
                  | Stlth+}
  9821 | D:9      | Noticed a kobold demonologist
  9849 | D:9      | Noticed a soul eater
  9854 | D:9      | Noticed a gargoyle
  9860 | D:9      | Killed a manticore
  9860 | D:9      | Reached skill level 5 in Shields
  9864 | D:9      | Killed a kobold demonologist
  9869 | D:9      | Killed a gargoyle
  9869 | D:9      | Reached skill level 5 in Fighting
  9869 | D:9      | Reached skill level 5 in Armour
  9900 | D:9      | Got a faintly glowing pewter ring
  9901 | D:9      | Identified the cursed ring "Visic" {rF+ EV-2 Dex+3} (You
                  | found it on level 9 of the Dungeon)
 10000 | D:9      | Got a slimy steel ring
 10003 | D:9      | Got a wavering crystal amulet
 10145 | D:9      | Found a transporter.
 10174 | D:9      | Noticed FishyPogo's ghost (novice DrTm)
 10230 | D:9      | Found a transporter.
 10266 | D:9      | Gained mutation: You are occasionally teleported next to
                  | monsters. [a neqoxec]
 10274 | D:9      | Gained mutation: Armour fits poorly on your strangely
                  | shaped body. [a neqoxec]
 10275 | D:9      | Gained mutation: Your magical capacity is low. (-10% MP) [a
                  | neqoxec]
 10285 | D:9      | Gained mutation: Scrolls take you a little longer to read.
                  | [a neqoxec]
 10289 | D:9      | Gained mutation: You have sharp fingernails. [a neqoxec]
 10296 | D:9      | Reached XP level 11. HP: 62/64 MP: 9/9
 10348 | D:9      | Killed FishyPogo's ghost
 10358 | D:9      | Identified the ring of Wishful Thinking {Wiz *Drain Dex+3
                  | SInv} (You found it on level 9 of the Dungeon)
 10360 | D:9      | Identified the amulet "Vaoj" {rN+ MR- Regen+ Str+5 Stlth+}
                  | (You found it on level 9 of the Dungeon)
 10630 | D:9      | Reached *** piety under Makhleb
 10753 | D:10     | Entered Level 10 of the Dungeon
 10833 | D:10     | Found Zesem's Food Boutique.
 11129 | D:10     | Found a staircase to the Orcish Mines.
 11277 | D:11     | Noticed a two-headed ogre
 11290 | D:11     | Noticed Nergalle
 11299 | D:11     | Noticed a purple ugly thing
 11317 | D:11     | Killed a two-headed ogre
 11326 | D:11     | Noticed a cyclops
 11429 | D:10     | Killed a purple ugly thing
 11458 | D:10     | Killed Nergalle
 11832 | D:11     | Killed a cyclops
 12016 | D:11     | Found a bloodstained altar of Trog.
 12288 | D:12     | Reached XP level 12. HP: 75/75 MP: 10/10
 12521 | D:12     | HP: 3/75 [acid (8)]
 12523 | D:12     | HP: 1/75 [cyclops/large rock (8)]
 12527 | D:12     | Slain by a brown ugly thing

Levels and vault maps discovered:
D:1:      onia_arrival_handbag, layout_rooms
D:2:      layout_basic, chequers_avenue, minmay_circle_x, uniq_natasha
D:3:      layout_loops_ring, eino_curves_03
D:4:      layout_loops_corners, lemuel_coloured_pillars_altar,
          kennysheep_small_square, uniq_grinder
D:5:      minmay_inner_zag, layout_basic, lemuel_temple_firewalk_a, first_ration
D:6:      layout_rooms, uniq_pikel
D:7:      layout_rooms, grunt_qazlal_clouds
D:8:      layout_basic, dpeg_oklobed_lair, basic_altar, uniq_maurice,
          uniq_prince_ribbit1
D:9:      minmay_the_grid_triangle_9x9_recursive_2
          [minmay_the_grid_triangle_9x9_prize_special,
          minmay_the_grid_triangle_9x9_descending_squares,
          minmay_the_grid_triangle_9x9_intruding_spiral,
          minmay_the_grid_triangle_9x9_steps], layout_basic, old_standard_altar,
          chequers_temple_overflow_statue_of_worship, gammafunk_ghost_stat_death
D:10:     layout_rooms, orc_0_dummy, serial_shops, shop
D:11:     layout_basic, basic_altar, uniq_nergalle
D:12:     layout_gridville, gauntlet_entry_generic, fedhas_altar_1
Temple:   eino_temple_rhombus

Skill      XL: |  1  2  3  4  5  6  7  8  9 10 11 |
---------------+----------------------------------+-----
Maces & Flails | 3 4 5 6 7 8 11 13 14 | 14.0
Shields        | 6 9 |  9.6
Fighting       | 5 8 |  8.6
Armour         | 5 7 |  7.3

Action                   |  1- 3 |  4- 6 |  7- 9 | 10-12 || total
-------------------------+-------+-------+-------+-------++-------
Melee: Flail             |   102 |   244 |   195 |   546 ||  1087
       Morningstar       |       |       |   249 |       ||   249
       Whip              |       |       |    62 |       ||    62
       Mace              |       |       |       |    94 ||    94
  Use: Potion            |     1 |     1 |     3 |     6 ||    11
       Scroll            |       |     4 |     8 |     7 ||    19
  Eat: Chunk             |     1 |     7 |    16 |    12 ||    36
       Ration            |       |       |       |     1 ||     1
Armor: Scale mail        |   112 |    63 |       |       ||   175
       Chain mail        |       |    30 |   248 |   288 ||   566
Dodge: Dodged            |    60 |    65 |   114 |   140 ||   379
Block: Shield            |    95 |   114 |   220 |   289 ||   718
